 Dungeon Sprint DCSS version 0.19.5 (webtiles) character file.

646 Snowbourne the Bludgeoner (level 7, -9/91 HPs)
             Began as an Ogre Berserker on May 12, 2017.
             Was a Believer of Trog.
             Mangled by a tyrant leech (25 damage)
             ... in the Dungeon (Sprint II: "The Violet Keep of Menkaure").
             The game lasted 00:01:11 (278 turns).

Snowbourne the Bludgeoner (Ogre Berserker)           Turns: 278, Time: 00:01:12

Health: -9/91      AC:  3    Str: 25    XL:     7   Next: 52%
Magic:  7/7        EV: 10    Int:  6    God:    Trog [**....]
Gold:   486        SH:  0    Dex:  9    Spells: 0 memorised, 6 levels left

rFire  . . .     SeeInvis .     a - +0 mace
rCold  . . .     Gourm    .     b - +0 animal skin
rNeg   . . .     Faith    .     (no shield)
rPois  .         Spirit   .     (helmet restricted)
rElec  .         Reflect  .     (no cloak)
rCorr  .         Harm     .     (gloves unavailable)
MR     ++...     NoTele   +     (boots unavailable)
Stlth  +.........               (no amulet)
                                (no ring)
                                (no ring)

@: exhausted, regenerating, slowed, very slow
A: unfitting armour, tough skin 1
a: Berserk, Trog's Hand, Burn Spellbooks, Renounce Religion


You were in the Dungeon.
You worshipped Trog.
Trog was pleased with you.
You were very hungry.

You visited 1 branch You collected 486 gold pieces.

Inventory:

Hand Weapons
 a - a +0 mace (weapon)
Armour
 b - a +0 animal skin (worn)
Scrolls
 i - a scroll of blinking
Potions
 d - a potion of curing
 e - a potion of heal wounds
 f - a potion of haste
 g - 2 potions of magic
 h - a potion of berserk rage
Comestibles
 c - a bread ration
 j - 3 chunks of flesh


   Skills:
 + Level 12.3 Fighting
 * Level 16.1 Maces & Flails
 - Level 2.6 Dodging


You had 6 spell levels left.
You didn't know any spells.

Dungeon Overview and Level Annotations

Branches:
Dungeon (1/1)

Altars:


Innate Abilities, Weirdness & Mutations

You are too large for most types of armour.
You have tough skin. (AC +1)


Message History

The tyrant leech closely misses you.
You hit the tyrant leech.
The tyrant leech is heavily wounded.
You sock the tyrant leech!
The tyrant leech is severely wounded.
You hit the tyrant leech.
The tyrant leech is severely wounded.
You are no longer berserk.
You are exhausted.
You feel yourself slow down. The tyrant leech closely misses you.
Your skin crawls.
You feel resistant to hostile enchantments.
You feel somewhat more hungry. The tyrant leech bites you!
* * * LOW HITPOINT WARNING * * *
The tyrant leech draws strength from your injuries!
Your skin crawls.
You feel resistant to hostile enchantments.
You are feeling very hungry.
The tyrant leech bites you!!
You die...

##+##
##.#.##
#..#..#
#####.#
##.###'#
#.#.##.##
+###รท.<.+
#.#.##@##
##.###w#
### .#$ ..
.. ##. .##
## ##


You could see a tyrant leech.

Vanquished Creatures
  A tyrant leech (D)
  2 hippogriffs (D)
  4 worker ants (D)
7 creatures vanquished.

Vanquished Creatures (others)
  A crocodile (D)
1 creature vanquished.

Grand Total: 8 creatures vanquished

Notes
Turn   | Place    | Note
-------+----------+-------------------------------------------
     0 | D        | Snowbourne the Ogre Berserker began the quest for the Orb.
     0 | D        | Reached XP level 1. HP: 24/24 MP: 1/1
     1 | D        | Noticed a hippogriff
     1 | D        | Noticed a hippogriff
     7 | D        | Killed a hippogriff
     7 | D        | Reached skill level 11 in Maces & Flails
     7 | D        | Reached XP level 2. HP: 30/44 MP: 2/2
     7 | D        | Reached XP level 3. HP: 34/50 MP: 3/3
     7 | D        | Reached XP level 4. HP: 40/59 MP: 4/4
     7 | D        | Reached XP level 5. HP: 46/67 MP: 5/5
    11 | D        | Killed a hippogriff
    11 | D        | Reached skill level 10 in Fighting
    11 | D        | Reached skill level 14 in Maces & Flails
    11 | D        | Reached XP level 6. HP: 51/79 MP: 6/6
   194 | D        | Reached ** piety under Trog
   205 | D        | Reached XP level 7. HP: 88/88 MP: 7/7
   253 | D        | Noticed a tyrant leech
   253 | D        | Noticed a tyrant leech
   270 | D        | Killed a tyrant leech
   270 | D        | Reached *** piety under Trog
   270 | D        | Reached skill level 16 in Maces & Flails
   278 | D        | Mangled by a tyrant leech

Skill      XL: |  1  2  3  4  5  6  7 |
---------------+----------------------+-----
Fighting       | 9 10 11 12 | 12.3
Maces & Flails | 11 14 16 | 16.1
Dodging        | |  2.6

Action                   |  1- 3 |  4- 6 |  7- 9 || total
-------------------------+-------+-------+-------++-------
Melee: Mace              |     5 |    12 |    21 ||    38
Invok: Berserk           |     1 |     1 |     1 ||     3
       Trog's Hand       |       |       |     2 ||     2
Armor: Animal skin       |       |     1 |       ||     1
Dodge: Dodged            |     4 |     2 |     2 ||     8
